 Dungeon Crawl Stone Soup version 0.26-a0-524-g073066f631 (webtiles) character file.

Game seed: 16749870027973060167

5657 3ofswords the Nimble (level 10, -3/79 HPs)
             Began as a Gnoll Gladiator on Aug 13, 2020.
             Was an Initiate of Gozag.
             Slain by Snorg (15 damage)
             ... on level 10 of the Dungeon.
             The game lasted 00:22:24 (11066 turns).

3ofswords the Nimble (Gnoll Gladiator)             Turns: 11066, Time: 00:22:24

Health: -3/79      AC: 11    Str: 18    XL:     10   Next: 74%
Magic:  18/18      EV: 15    Int: 13    God:    Gozag
Gold:   1387       SH:  0    Dex: 16    Spells: 14/20 levels left

rFire    + . .     SeeInvis +   C - +2 dagger (elec)
rCold    . . .     Faith    .   (no shield)
rNeg     . . .     Spirit   .   A - +0 scale mail {rF+}
rPois    +         Reflect  .   c - +0 helmet
rElec    .         Harm     .   (no cloak)
rCorr    .                      z - +0 pair of gloves
MR       .....                  B - +0 pair of boots
Stlth    ++........             q - amulet of magic regeneration
HPRegen  0.23/turn              v - ring of poison resistance
MPRegen  0.41/turn              H - ring of see invisible

@: gold aura
A: distributed training, fangs 1, strong nose
a: Potion Petition, Call Merchant, Bribe Branch, Renounce Religion


You were on level 10 of the Dungeon.
You worshipped Gozag.
Gozag was most pleased with you.
You visited 1 branch of the dungeon, and saw 10 of its levels.

You collected 1488 gold pieces.
You paid 101 gold pieces to Gozag.

Inventory:

Hand Weapons
 a - a +0 quarterstaff
 p - a +1 whip of venom
 C - a +2 dagger of electrocution (weapon)
Missiles
 d - 4 throwing nets
 f - 18 poisoned darts (quivered)
Armour
 c - a +0 helmet (worn)
 l - a +0 kite shield
 z - a +0 pair of gloves (worn)
 A - a +0 scale mail of fire resistance (worn)
 B - a +0 pair of boots (worn)
Jewellery
 e - an uncursed ring of protection from cold
 q - an amulet of magic regeneration (around neck)
 v - a ring of poison resistance (left hand)
 H - a ring of see invisible (right hand)
Wands
 o - a wand of digging (7)
 y - a wand of acid (2)
 D - a wand of polymorph (17)
 I - a wand of disintegration (5)
Scrolls
 i - 2 scrolls of fear
 j - 3 scrolls of fog {unknown}
 k - 6 scrolls of teleportation {unknown}
 t - a scroll of magic mapping
 u - 2 scrolls of remove curse
 w - 2 scrolls of enchant weapon
 E - 2 scrolls of brand weapon
 J - 2 scrolls of immolation {unknown}
 K - a scroll of amnesia {unknown}
Potions
 b - 2 potions of curing
 g - 2 potions of lignification {unknown}
 h - 6 potions of brilliance {unknown}
 m - a potion of heal wounds {unknown}
 n - 3 potions of degeneration {unknown}
 r - 5 potions of stabbing {unknown}
 s - 2 potions of mutation
 x - 2 potions of ambrosia {unknown}
 F - a potion of flight {unknown}
 G - a potion of cancellation {unknown}
 L - a potion of magic {unknown}


   Skills:
 + Level 7.3 Fighting
 + Level 5.5 Short Blades
 + Level 5.5 Long Blades
 + Level 5.5 Axes
 + Level 5.5 Maces & Flails
 + Level 5.5 Polearms
 + Level 8.7 Staves
 + Level 5.5 Slings
 + Level 5.5 Bows
 + Level 5.5 Crossbows
 + Level 7.3 Throwing
 + Level 5.5 Armour
 + Level 8.7 Dodging
 + Level 5.5 Stealth
 + Level 5.5 Shields
 + Level 5.5 Unarmed Combat
 + Level 5.5 Spellcasting
 + Level 4.6 Conjurations
 + Level 4.6 Hexes
 + Level 4.6 Summonings
 + Level 4.6 Necromancy
 + Level 4.6 Translocations
 + Level 4.6 Transmutations
 + Level 4.6 Fire Magic
 + Level 4.6 Ice Magic
 + Level 4.6 Air Magic
 + Level 4.6 Earth Magic
 + Level 4.6 Poison Magic
 + Level 6.1 Invocations
 + Level 5.5 Evocations


You had 14 spell levels left.
You knew the following spells:

 Your Spells              Type           Power        Failure   Level
a - Mephitic Cloud        Conj/Pois/Air  ###.....     22%         3
b - Tukima's Dance        Hex            ###.....     22%         3

Your spell library contained the following spells:

 Spells                   Type           Power        Failure   Level
 Animate Skeleton         Necr           ###...       8%          1
 Corona                   Hex            ###....      8%          1
 Pain                     Necr           ###.         8%          1
 Sting                    Tmut/Pois      ###.         8%          1
 Ensorcelled Hibernation  Hex/Ice        ###...       12%         2
 Poisonous Vapours        Pois/Air       ###...       12%         2
 Confusing Touch          Hex            ###.....     22%         3
 Dazzling Flash           Conj/Hex       ###...       22%         3
 Ignite Poison            Fire/Tmut/Pois ###.....     22%         3
 Vampiric Draining        Necr           ###.......   22%         3
 Animate Dead             Necr           ###.......   58%         4
 Olgreb's Toxic Radiance  Pois           ###.....     58%         4
 Agony                    Necr           ###.....     91%         5


Dungeon Overview and Level Annotations

Branches:
Dungeon (10/15)            Temple (0/1) D:5             Orc (0/2) D:9
   Lair: D:8-11

Altars:
Dithmenos
Elyvilon
Fedhas
Gozag
Makhleb
Qazlal
Sif Muna
Trog
Wu Jian
Yredelemnul

Annotations:
D:3 3 runed translucent doors, pantherbaby0's ghost, weakling DsDe
D:10 Snorg


Innate Abilities, Weirdness & Mutations

Your experience applies equally to all skills.
You have very sharp teeth.
Your uncanny sense of smell can sniff out nearby items.


Message History

You hit Snorg. Lightning courses through Snorg!
Snorg is severely wounded.
Snorg bites you. Snorg barely misses you. Snorg claws you.
You closely miss Snorg.
Snorg is severely wounded.
Snorg bites you! Snorg claws you but does no damage. Snorg claws you!
Evoke which item? (* to show all) (? for menu, Esc to quit)
Aiming: Corrosive Bolt
Press: ? - help, Shift-Dir - straight line, f/p - Snorg
Aim: Snorg (severely wounded, berserk)
The bolt of acid hits Snorg!!
Snorg is splashed with acid.
The acid corrodes Snorg!
Snorg is almost dead.
Snorg bites you. Snorg claws you! Snorg claws you.
* * * LOW HITPOINT WARNING * * *
Snorg bites you!
* * * LOW HITPOINT WARNING * * *
Snorg claws you!
You die...
Your body crumbles into a pile of gold.

#####.###
.........####+#####
..........##.......#
#..........##.......+
#..........#........#
#..........#........#
#..........#........#
#...........$..@T.<.#
#..........##.......#
#..........#####+####
#.<........#
#######...## #.###
... ..... .......


You could see Snorg (berserk, corroded).

Vanquished Creatures
  Harold (D:9)
  Joseph (D:8)
  Psyche (D:9)
  Sigmund (D:3)
  Menkaure (D:5)
  Duvessa (D:4)
  4 ice beasts
  2 sky beasts
  3 black bears
  5 orc warriors (D:8)
  An eye of draining (D:9)
  2 phantoms (D:5)
  2 ogres
  4 centaurs
  A bullfrog (D:8)
  A big kobold (D:9)
  Dowan (D:4)
  A scorpion (D:8)
  3 howler monkeys
  A bullfrog zombie (D:5)
  A centaur zombie (D:7)
  2 jellies (D:7)
  A quasit (D:8)
  3 hounds
  9 orc priests
  A bullfrog skeleton (D:8)
  2 gnoll shamans
  2 iguanas
  14 orc wizards
  6 worker ants
  A hound skeleton (D:8)
  14 gnolls
  7 adders
  2 white imps
  2 ufetubi
  3 adder skeletons
  2 worms
  A dart slug (D:5)
  3 leopard geckos
  39 orcs
  8 bats
  6 giant cockroaches
  11 goblins
  8 hobgoblins
  8 jackals
  9 quokkas
  9 frilled lizards
  12 kobolds
  A leopard gecko skeleton (D:9)
  A leopard gecko zombie (D:6)
  2 quokka skeletons
  2 quokka zombies (D:6)
  9 rats
238 creatures vanquished.

Vanquished Creatures (others)
  2 fungi (D:3)
  2 plants (D:3)
4 creatures vanquished.

Grand Total: 242 creatures vanquished

Notes
Turn   | Place    | Note
-------+----------+-------------------------------------------
     0 | D:1      | 3ofswords the Gnoll Gladiator began the quest for the Orb.
     0 | D:1      | Reached XP level 1. HP: 20/20 MP: 1/1
    81 | D:1      | Reached XP level 2. HP: 26/26 MP: 2/2
   780 | D:2      | Found an ornate altar of the Wu Jian Council.
   930 | D:2      | Reached XP level 3. HP: 31/31 MP: 3/3
  1211 | D:2      | Reached skill level 1 in Invocations
  1241 | D:2      | Reached skill level 1 in Short Blades
  1241 | D:2      | Reached skill level 1 in Long Blades
  1241 | D:2      | Reached skill level 1 in Axes
  1241 | D:2      | Reached skill level 1 in Maces & Flails
  1241 | D:2      | Reached skill level 1 in Polearms
  1241 | D:2      | Reached skill level 1 in Slings
  1241 | D:2      | Reached skill level 1 in Bows
  1241 | D:2      | Reached skill level 1 in Crossbows
  1241 | D:2      | Reached skill level 1 in Armour
  1241 | D:2      | Reached skill level 1 in Stealth
  1241 | D:2      | Reached skill level 1 in Shields
  1241 | D:2      | Reached skill level 1 in Unarmed Combat
  1241 | D:2      | Reached skill level 1 in Spellcasting
  1241 | D:2      | Reached skill level 1 in Evocations
  1283 | D:2      | Reached XP level 4. HP: 38/38 MP: 5/5
  1597 | D:3      | Noticed Sigmund
  1624 | D:3      | Killed Sigmund
  1624 | D:3      | Reached skill level 1 in Conjurations
  1624 | D:3      | Reached skill level 1 in Hexes
  1624 | D:3      | Reached skill level 1 in Summonings
  1624 | D:3      | Reached skill level 1 in Necromancy
  1624 | D:3      | Reached skill level 1 in Translocations
  1624 | D:3      | Reached skill level 1 in Transmutations
  1624 | D:3      | Reached skill level 1 in Fire Magic
  1624 | D:3      | Reached skill level 1 in Ice Magic
  1624 | D:3      | Reached skill level 1 in Air Magic
  1624 | D:3      | Reached skill level 1 in Earth Magic
  1624 | D:3      | Reached skill level 1 in Poison Magic
  1624 | D:3      | Reached XP level 5. HP: 22/43 MP: 3/7
  1624 | D:3      | Reached XP level 6. HP: 26/50 MP: 3/8
  2187 | D:3      | Found a runed translucent gate.
  2187 | D:3      | Identified the cursed +0 dagger of Koutafau {drain, rPois}
  2188 | D:3      | Found a runed translucent gate.
  2188 | D:3      | Found a runed translucent gate.
  2188 | D:3      | Noticed pantherbaby0's ghost (weakling DsDe)
  2248 | D:3      | Reached skill level 5 in Fighting
  2248 | D:3      | Reached skill level 5 in Throwing
  3231 | D:4      | Noticed Duvessa
  3232 | D:4      | Noticed Dowan
  3247 | D:4      | Killed Duvessa
  3247 | D:4      | Reached XP level 7. HP: 50/56 MP: 10/10
  3260 | D:4      | Killed Dowan
  3974 | D:5      | Entered Level 5 of the Dungeon
  4296 | D:5      | Reached XP level 8. HP: 45/63 MP: 12/12
  4459 | D:5      | Found an opulent altar of Gozag.
  4511 | D:5      | Became a worshipper of Gozag Ym Sagoz the Greedy
  4956 | D:5      | Found a staircase to the Ecumenical Temple.
  4979 | D:5      | Noticed Menkaure
  4988 | D:5      | Killed Menkaure
  5398 | D:5      | Found a basalt altar of Yredelemnul.
  5399 | D:5      | Found a blossoming altar of Fedhas.
  5763 | D:5      | Reached XP level 9. HP: 40/69 MP: 14/14
  6168 | D:6      | Found a white marble altar of Elyvilon.
  7171 | D:7      | Found a shadowy altar of Dithmenos.
  7680 | D:8      | Found a burning altar of Makhleb.
  7682 | D:8      | Noticed Joseph
  7708 | D:8      | Killed Joseph
  7708 | D:8      | Reached skill level 5 in Invocations
  8338 | D:8      | Found a shimmering blue altar of Sif Muna.
  8448 | D:8      | Reached XP level 10. HP: 63/77 MP: 17/17
  8533 | D:8      | Found a bloodstained altar of Trog.
  9066 | D:8      | Reached skill level 5 in Short Blades
  9066 | D:8      | Reached skill level 5 in Long Blades
  9066 | D:8      | Reached skill level 5 in Axes
  9066 | D:8      | Reached skill level 5 in Maces & Flails
  9066 | D:8      | Reached skill level 5 in Polearms
  9066 | D:8      | Reached skill level 5 in Slings
  9066 | D:8      | Reached skill level 5 in Bows
  9066 | D:8      | Reached skill level 5 in Crossbows
  9066 | D:8      | Reached skill level 5 in Armour
  9066 | D:8      | Reached skill level 5 in Stealth
  9066 | D:8      | Reached skill level 5 in Shields
  9066 | D:8      | Reached skill level 5 in Unarmed Combat
  9066 | D:8      | Reached skill level 5 in Spellcasting
  9066 | D:8      | Reached skill level 5 in Evocations
  9681 | D:8      | Learned a level 3 spell: Mephitic Cloud
  9706 | D:9      | Noticed Psyche
  9712 | D:9      | Killed Psyche
  9753 | D:9      | Noticed Harold
  9786 | D:9      | Killed Harold
 10156 | D:9      | Found a staircase to the Orcish Mines.
 10243 | D:9      | Learned a level 3 spell: Tukima's Dance
 10315 | D:9      | Found a bloodstained altar of Trog.
 10719 | D:9      | Found a stormy altar of Qazlal.
 11041 | D:10     | Entered Level 10 of the Dungeon
 11054 | D:10     | Noticed Snorg
 11066 | D:10     | Slain by Snorg

Illustrated notes

Levels and vault maps discovered:
D:1:      lightli_arrival_statuegarden, layout_basic
D:2:      layout_basic, lemuel_crystal_altar
D:3:      layout_basic, gammafunk_ghost_nasty_kobolds, uniq_sigmund
D:4:      layout_loops_ring, uniq_duvessa
D:5:      layout_loops_ring, nicolae_gozag_cash_rules_everything_around_me,
          gammafunk_temple_overflow_statue, minmay_temple_entry_grid,
          kennysheep_generic_room_12, uniq_menkaure
D:6:      layout_cave_pools, basic_altar
D:7:      layout_basic, old_standard_altar, minmay_liquid_box
D:8:      layout_loops_corners, nicolae_overflow_hidden_temple,
          lemuel_crystal_altar, trog_hazing_becter, uniq_joseph
D:9:      nicolae_whirlpool, layout_loops_ring, overflow_temple_1_default,
          trog_ov_bears_minmay, orc_0_dummy, uniq_psyche, uniq_harold
D:10:     layout_roguey, lair_entry_dummy, uniq_snorg

Skill      XL: |  1  2  3  4  5  6  7  8  9 10 |
---------------+-------------------------------+-----
Invocations    | 1 2 3 4 5 6 |  6.1
Short Blades   | 1 2 3 4 5 |  5.5
Long Blades    | 1 2 3 4 5 |  5.5
Axes           | 1 2 3 4 5 |  5.5
Maces & Flails | 1 2 3 4 5 |  5.5
Polearms       | 1 2 3 4 5 |  5.5
Slings         | 1 2 3 4 5 |  5.5
Bows           | 1 2 3 4 5 |  5.5
Crossbows      | 1 2 3 4 5 |  5.5
Armour         | 1 2 3 4 5 |  5.5
Stealth        | 1 2 3 4 5 |  5.5
Shields        | 1 2 3 4 5 |  5.5
Unarmed Combat | 1 2 3 4 5 |  5.5
Spellcasting   | 1 2 3 4 5 |  5.5
Evocations     | 1 2 3 4 5 |  5.5
Conjurations   | 1 2 3 4 |  4.6
Hexes          | 1 2 3 4 |  4.6
Summonings     | 1 2 3 4 |  4.6
Necromancy     | 1 2 3 4 |  4.6
Translocations | 1 2 3 4 |  4.6
Transmutations | 1 2 3 4 |  4.6
Fire Magic     | 1 2 3 4 |  4.6
Ice Magic      | 1 2 3 4 |  4.6
Air Magic      | 1 2 3 4 |  4.6
Earth Magic    | 1 2 3 4 |  4.6
Poison Magic   | 1 2 3 4 |  4.6
Fighting       | 5 6 7 |  7.3
Throwing       | 5 6 7 |  7.3
Staves         | 7 8 |  8.7
Dodging        | 7 8 |  8.7

Action                   |  1- 3 |  4- 6 |  7- 9 | 10-12 || total
-------------------------+-------+-------+-------+-------++-------
Melee: Quarterstaff      |    94 |   123 |   444 |   184 ||   845
       Bite              |     6 |     7 |    47 |    21 ||    81
       Dagger            |       |       |       |     7 ||     7
Throw: Dart              |       |    22 |    47 |    29 ||    98
       Throwing net      |       |     1 |     2 |     2 ||     5
Evoke: Wand              |       |       |       |     5 ||     5
  Use: Scroll            |       |     5 |     4 |       ||     9
 Stab: Sleeping          |     2 |     3 |     2 |     4 ||    11
       Held in net/web   |       |       |     1 |     1 ||     2
       Distracted        |       |       |       |     3 ||     3
Armor: Leather armour    |    23 |    13 |       |       ||    36
       Ring mail         |       |    14 |    26 |       ||    40
       Scale mail        |       |       |   107 |    70 ||   177
Dodge: Dodged            |    76 |   118 |   280 |   135 ||   609

Table legend: (Time is in decaauts)
 A = Elapsed time spent in this place.
 B = Non-inter-level travel time spent in this place.
 C = Inter-level travel time spent in this place.
 D = Time resting spent in this place.
 E = Time spent auto-exploring this place.
 F = Levels seen in this place.
 G = Mean time per level.
                   A        B        C        D        E       F      G
               +--------+--------+--------+--------+--------+-----+--------+
         Total |  11003 |  10769 |    234 |   1682 |   6873 |  10 | 1100.3 |
       Dungeon |  11003 |  10769 |    234 |   1682 |   6873 |  10 | 1100.3 |
               +--------+--------+--------+--------+--------+-----+--------+

Top non-repeatable levels by time:
     D:8: 2269 daAuts
     D:5: 1584 daAuts
     D:4: 1465 daAuts
     D:9: 1357 daAuts
     D:3: 1294 daAuts
     D:7: 994 daAuts
     D:1: 779 daAuts
     D:2: 744 daAuts
     D:6: 491 daAuts
    D:10: 21 daAuts
